 BcadrenCrawl: Boulder Brew version 0.05.31-16-g17090fb0d7 (webtiles) character file.

Game seed: 12733810324874042620, levelgen mode: deterministic

6848 diana the Devourer (level 10, -6/76 HPs) Oozomorph Monk. Began on Sept 27, 2021. Was an Initiate of Ru. Mangled by a freezing wraith (21 damage) ... on level 5 of the Dungeon. The game lasted 00:19:59 (5796 turns).

diana the Devourer (Oozomorph Monk)                 Turns: 5796, Time: 00:20:00

Health: -6/76      AC: 17    Str: 12    XL:     10 ^: 1188
Magic:  10/10      EV: 21    Int: 10    God:    Ru [0* [10]]
Gold:   218        SH:  0    Dex: 19    Spells: 9/9 levels left

rFire    . . .     Vision   .     - Unarmed
rCold    . . .     Gourm    .     - Unarmed
rNeg     + . .     Faith    .   a - +0 robe
rCorr    + + +     Spirit   .   c - +0 robe
rPois    .         Reflect  .   e - +0 troll leather {Purgy}
rElec    .         Harm     .   z - +1 cloak
MR       +....                  v - +2 dagger (speed)
Stlth    ++........             o - amulet of regeneration
HPRegen  1.15/turn              x - ring "Qasofroz" {rN+ AC+5, 1}
MPRegen  0.20/turn              (no ring)

@: slowed, very slow
A: cytoplasmic subsumption, amorphous body, gelatinous body 1
a: Subsume Item, Eject Item, Renounce Religion


You were on level 5 of the Dungeon.
You worshipped Ru.
Ru was noncommittal.
You were not hungry.

You visited 1 branch of the dungeon, and saw 5 of its levels.
You visited the Abyss 1 time.

You collected 218 gold pieces.

Inventory:

Weapons
 j - a +1 scimitar of caustic ooze
 v - a +2 dagger of speed (subsumed)
Armour
 a - a +0 robe (worn)
 c - a +0 robe (worn)
 e - a +0 troll leather (worn) {Purgy}
 g - a scarf of cloud immunity
 k - a +0 robe
 z - a +1 cloak (worn)
Jewellery
 o - an amulet of regeneration (around neck)
 x - the ring "Qasofroz" (left hand) {rN+ AC+5, 1}
   (You found it on level 4 of the Dungeon)

   [ring of protection]

   It affects your AC (+5).
   It protects you from negative energy.
 y - a cursed ring of evasion {(Curse: *Slow)}
Wands
 r - a wand of flame (1)
 w - a wand of iceblast (9)
Scrolls
 f - 2 scrolls of teleportation
 h - 6 scrolls of fear
 l - 2 scrolls of fog
 m - a scroll of summoning
 q - a scroll of enchantment
Potions
 d - a potion of berserk rage
 i - 2 potions of magic
 n - a potion of ambrosia
 u - a potion of cancellation
Comestibles
 b - 13 rations


   Skills:
 * Level 10.2 Fighting
 + Level 5.6 Armour
 * Level 7.7 Dodging
 - Level 2.4 Stealth
 * Level 9.5 Unarmed Combat


You had 9 spell levels left.
You didn't know any spells.
Your spell library was empty.

Dungeon Overview and Level Annotations

Branches:
Dungeon (5/8)              Temple (0/1) D:4            Lair (0/6) D:5

Altars:
Gozag Ym Sagoz
Ru
Trog
Vehumet

Shops:
D:5 [

Annotations:
D:5 1 runed translucent door


Innate Abilities, Weirdness & Mutations

You may subsume any weapon, armour, or jewellery into your cytoplasm to benefit from its magical properties.
Your body is completely amorphous, allowing you to wear any combination of armour.
You have seven amorphous slots; replacing the normal gear slots.
Body armours and bardings take two slots, all other armours take one.
Your gelatinous form is immune to acid, constriction and sticky flames. (rCorr+, Slime)


Message History

You feel as though you will be slow longer.
The freezing wraith completely misses you (0).
The freezing wraith barely misses you (0).
A jackal comes into view.
You see here a +0 club.
The jackal closely misses you (0). The jackal barely misses you (0).
The freezing wraith closely misses you (0).
The freezing wraith barely misses you (0).
You hit the jackal (5).
You kill the jackal!
The freezing wraith hits you but does no damage.
The freezing wraith hits you (12)!
* * * LOW HITPOINT WARNING * * *
A jackal comes into view.
You see here a jackal corpse.
The jackal barks!
The jackal misses you (0). x2; The freezing wraith hits you (6).
* * * LOW HITPOINT WARNING * * *
The freezing wraith freezes you (21)!!
You die...

#....## ##.#
##########...###### ###
###........#†..##...##
###.....####.....##....##
##.........####...#......##
#...P....b..###.).#.[.....##
)............###.#).÷......#
......>.......##W#.).......##
...P...........h@#..........##
#...........###..#...........##
##...†.....## #..#............#
###.....### #..##...........#
######.########..##...........#
..................###.........#
########.......##..####......##
##<.....### ##..#########
##......## #...


You could see a freezing wraith and a jackal.

Vanquished Creatures
  A thrashing horror (Abyss:1)
  A two-headed ogre (D:5)
  A glowing orange brain (Abyss:1)
  2 hippogriffs (D:5)
  2 wyverns (D:5)
  3 yaks (D:5)
  3 wargs (D:5)
  A hungry ghost (D:5)
  3 water moccasins
  An orc warrior (D:4)
  Purgy (D:2)
  A scorpion (D:5)
  An eye of draining (D:5)
  An ice beast (D:5)
  An ogre (D:5)
  A big kobold (D:2)
  5 bullfrogs
  Blork the orc (D:2)
  2 centaurs (D:5)
  A howler monkey (D:4)
  6 wights (D:5)
  11 killer bees (D:5)
  A quasit (Abyss:1)
  5 jellies
  5 orc priests
  4 hounds
  A gnoll shaman (D:4)
  An iguana (D:4)
  10 orc wizards
  8 worker ants
  A wyvern skeleton (D:4)
  8 giant cockroaches
  2 bullfrog zombies
  A bullfrog skeleton (D:3)
  A shadow imp (D:3)
  8 adders
  5 gnolls (D:4)
  5 sewer rats (D:2)
  2 white imps
  12 cinder newts
  A worm (D:2)
  An ufetubus (Abyss:1)
  6 oozes
  2 dart slugs (D:1)
  6 leopard geckos
  20 orcs
  5 bats (D:1)
  6 goblins
  9 hobgoblins (D:1)
  4 jackals (D:5)
  4 ball pythons
  10 kobolds
  An orc skeleton (D:2)
  7 rats (D:1)
  A rat skeleton (D:2)
213 creatures vanquished.

Vanquished Creatures (others)
  2 plants (D:5)
  52 withered plants (D:2)
54 creatures vanquished.

Grand Total: 267 creatures vanquished

Notes
Turn   | Place    | Note
-------+----------+-------------------------------------------
     0 | D:1      | diana the Oozomorph Monk began the quest for the Orb.
     0 | D:1      | Reached XP level 1. HP: 16/16 MP: 1/1
    69 | D:1      | Reached XP level 2. HP: 17/21 MP: 2/2
   198 | D:1      | Reached XP level 3. HP: 27/27 MP: 3/3
   229 | D:1      | Reached skill level 4 in Fighting
   229 | D:1      | Reached skill level 1 in Armour
   269 | D:1      | Reached XP level 4. HP: 33/33 MP: 4/4
   807 | D:2      | Noticed Purgy
   825 | D:2      | Killed Purgy
   825 | D:2      | Reached XP level 5. HP: 8/38 MP: 5/5
   942 | D:2      | Reached XP level 6. HP: 45/45 MP: 6/6
   946 | D:2      | Reached skill level 5 in Fighting
   992 | D:2      | Noticed a water moccasin
  1008 | D:2      | Noticed Blork the orc
  1023 | D:2      | Killed Blork the orc
  1302 | D:2      | Killed a water moccasin
  1302 | D:2      | Reached skill level 5 in Unarmed Combat
  1302 | D:2      | Reached XP level 7. HP: 38/51 MP: 7/7
  1340 | D:2      | Reached skill level 6 in Fighting
  2723 | D:3      | Reached XP level 8. HP: 56/58 MP: 8/8
  2825 | D:3      | Found a radiant altar of Vehumet.
  3373 | D:4      | Found an opulent altar of Gozag.
  3379 | D:4      | Reached skill level 5 in Dodging
  3415 | D:4      | Reached skill level 7 in Fighting
  3574 | D:4      | Found a sacrificial altar of Ru.
  3577 | D:4      | Became a worshipper of Ru the Awakened
  3918 | D:4      | Found a staircase to the Ecumenical Temple.
  4170 | D:4      | Reached XP level 9. HP: 38/65 MP: 9/9
  4219 | D:4      | Identified the cursed ring "Qasofroz" {rN+ AC+5, (Curse:
                  | *Drain)}
  4286 | D:5      | Entered Level 5 of the Dungeon
  4332 | D:5      | Reached skill level 8 in Fighting
  4566 | D:5      | Cast into level 1 of the Abyss (orc wizard)
  4607 | Abyss:1  | Found a corrupted altar of Lugonu.
  4609 | Abyss:1  | Noticed a wretched star
  4659 | Abyss:1  | Noticed a thrashing horror
  4677 | Abyss:1  | Noticed a blizzard demon
  4682 | Abyss:1  | HP: 2/67 [thrashing horror (18)]
  4683 | Abyss:1  | Killed a thrashing horror
  4683 | Abyss:1  | Reached skill level 9 in Fighting
  4703 | Abyss:1  | Found a corrupted altar of Lugonu.
  4754 | Abyss:1  | Noticed a green ugly thing
  4777 | Abyss:1  | Found a corrupted altar of Lugonu.
  4846 | Abyss:1  | Noticed a large abomination
  4868 | Abyss:1  | Noticed a lich
  4962 | Abyss:1  | Noticed a smoke demon
  4975 | Abyss:1  | Noticed a tentacled starspawn
  5013 | Abyss:1  | Noticed a glowing orange brain
  5056 | Abyss:1  | Killed a glowing orange brain
  5056 | Abyss:1  | Reached XP level 10. HP: 74/74 MP: 10/10
  5058 | D:5      | Escaped the Abyss
  5104 | D:5      | Reached skill level 5 in Armour
  5179 | D:5      | Found a bloodstained altar of Trog.
  5255 | D:5      | Found Agytroeh's Antique Armour Shoppe.
  5321 | D:5      | Noticed a two-headed ogre
  5348 | D:5      | Killed a two-headed ogre
  5369 | D:5      | Found a staircase to the Lair.
  5412 | D:5      | Reached skill level 10 in Fighting
  5765 | D:5      | Found a runed translucent door.
  5765 | D:5      | Noticed a fire dragon
  5765 | D:5      | Noticed a deep elf archer
  5766 | D:5      | Found the +4 robe of Augmentation {Str+4 Int+4 Dex+4}
  5767 | D:5      | Noticed a purple very ugly thing
  5767 | D:5      | Noticed a fire dragon
  5767 | D:5      | Noticed a swooping magpie
  5767 | D:5      | Noticed a five-headed hydra
  5768 | D:5      | Identified the +6 heater shield of the Undertaker {rF+
                  | rCorr Dex+3}
  5796 | D:5      | Mangled by a freezing wraith

Levels and vault maps discovered:
D:1:      minmay_arrival_stone_box, layout_loops_ring, first_ration
D:2:      layout_sewer, sewer_co_purgy_island, uniq_blork_the_orc
D:3:      layout_basic, kennysheep_little_box
D:4:      layout_twisted_cavern, kennysheep_mini, grunt_gozag_statues,
          temple_doors_ab
D:5:      minmay_gate_of_8, layout_cave_pods, nicolae_overflow_crystal_walls,
          erik_lair_orcish_takeover, serial_shops, kennysheep_mini_moat,
          enter_bailey_3

Skill      XL: |  1  2  3  4  5  6  7  8  9 10 |
---------------+-------------------------------+-----
Fighting       | 4 5 6 7 9 10 | 10.2
Armour         | 1 2 3 4 5 |  5.6
Unarmed Combat | 4 5 7 8 9 |  9.5
Dodging        | 3 4 5 6 7 |  7.7
Stealth        | |  2.4

Action                   |  1- 3 |  4- 6 |  7- 9 | 10-12 || total
-------------------------+-------+-------+-------+-------++-------
Melee: Unarmed           |   139 |   335 |   888 |   333 ||  1695
Invok: Reject Sacrifices |       |       |     1 |       ||     1
 Abil: Subsume Item      |       |     1 |     1 |       ||     2
Evoke: Wand              |       |       |     1 |       ||     1
  Use: Scroll            |       |       |     3 |     1 ||     4
       Potion            |       |       |     2 |       ||     2
 Stab: Sleeping          |     1 |     8 |     8 |       ||    17
  Eat: Chunk             |       |     2 |    14 |     5 ||    21
Armor: Skin              |    11 |    34 |    79 |    27 ||   151
Dodge: Dodged            |    40 |    67 |   238 |   142 ||   487
